[Event "ICC tourney 2520 (60 10)"]
[Site "Internet Chess Club"]
[Date "2021.04.17"]
[Round "3"]
[White "KIRCHNER, OWEN CHRISTIAN:circuitx"]
[Black "CHU, ELIAS:Checkmate065"]
[Result "0-1"]
[ICCResult "White checkmated"]
[WhiteElo "425"]
[BlackElo "761"]
[Opening "Four knights: Italian variation"]
[ECO "C55"]
[NIC "IG.01"]
[Time "16:31:08"]
[PlyCount "52"]
[TimeControl "3600+10"]

1. e4 e5 2. Nf3 Nc6 3. Bc4 Nf6 4. Nc3 Nxe4 5. Nxe4 d5 6. d3 dxc4 7. Bg5 f6
8. Bh4 cxd3 9. cxd3 Bb4+ 10. Ned2 Be6 11. O-O O-O 12. Ne1 Qd7 13. Nc2 Qxd3
14. Nxb4 Nxb4 15. Nf3 Qxd1 16. Raxd1 Nxa2 17. Ra1 Rad8 18. Ne1 a6 19. Nc2
b5 20. Na3 b4 21. b3 Bxb3 22. Rfb1 Be6 23. Rxb4 Nxb4 24. Nc2 Nxc2 25. Rc1
h6 26. Rxc2 Rd1# { White checkmated } 0-1

[Event "ICC tourney 2520 (60 10)"]
[Site "Internet Chess Club"]
[Date "2021.04.17"]
[Round "3"]
[White "KHAN, ADIL LEONIDAS:akhan123"]
[Black "CHUGANI, ASHVIN:Ashvinc"]
[Result "1-0"]
[ICCResult "Black checkmated"]
[WhiteElo "757"]
[BlackElo "549"]
[Opening "Ruy Lopez: Möller defense"]
[ECO "C78"]
[NIC "RL.12"]
[Time "16:30:57"]
[PlyCount "67"]
[TimeControl "3600+10"]

1. e4 e5 2. Nf3 Nc6 3. Bb5 a6 4. Ba4 Nf6 5. O-O Bc5 6. d3 b5 7. Bb3 Bb7 8.
Bg5 h6 9. Bh4 d6 10. Nc3 Nb8 11. Bd5 Bxd5 12. Nxd5 Nbd7 13. c3 c6 14. Nxf6+
Nxf6 15. d4 exd4 16. cxd4 Bb4 17. e5 dxe5 18. Qb3 exd4 19. Qxb4 c5 20.
Rfe1+ Kd7 21. Qxc5 Rc8 22. Qxd4+ Kc7 23. Rac1+ Kb8 24. Qf4+ Kb7 25. Rxc8
Kxc8 26. Rc1+ Kb7 27. Bxf6 Qxf6 28. Qe4+ Ka7 29. Rc7+ Kb6 30. Qb7+ Ka5 31.
Rc6 Qxb2 32. Rxa6+ Kb4 33. Qe4+ Kc3 34. Rc6# { Black checkmated } 1-0

[Event "ICC tourney 2520 (60 10)"]
[Site "Internet Chess Club"]
[Date "2021.04.17"]
[Round "3"]
[White "Cruz, Hyland:HydeCruz"]
[Black "CARROLL, MAX Isaac:MaxCarroll"]
[Result "0-1"]
[ICCResult "White checkmated"]
[WhiteElo "703"]
[BlackElo "477"]
[Opening "Scotch: Schmidt variation"]
[ECO "C45"]
[NIC "SO.04"]
[Time "16:30:54"]
[PlyCount "28"]
[TimeControl "3600+10"]

1. e4 e5 2. Nf3 Nc6 3. d4 exd4 4. Nxd4 Nf6 5. Nxc6 bxc6 6. Nc3 Bb4 7. Bd3
d6 8. Bd2 Be6 9. O-O O-O 10. a3 Bc5 11. Re1 Ng4 12. Rf1 Qf6 13. Qe2 Qe5 14.
h3 Qh2# { White checkmated } 0-1

[Event "ICC tourney 2520 (60 10)"]
[Site "Internet Chess Club"]
[Date "2021.04.17"]
[Round "3"]
[White "MUREN, MILES W:GryffindorChess"]
[Black "RYSIN, MARK G:LionsMarkR"]
[Result "0-1"]
[ICCResult "White checkmated"]
[WhiteElo "626"]
[BlackElo "795"]
[Opening "Petrov's defense"]
[ECO "C42"]
[NIC "RG.03"]
[Time "16:31:44"]
[PlyCount "20"]
[TimeControl "3600+10"]

1. e4 e5 2. Nf3 Nf6 3. Nxe5 Nc6 4. Nxc6 dxc6 5. Bc4 Bc5 6. d3 Ng4 7. O-O
Qh4 8. h3 Nxf2 9. Qe2 Nxh3+ 10. Kh2 Nf4# { White checkmated } 0-1

[Event "ICC tourney 2520 (60 10)"]
[Site "Internet Chess Club"]
[Date "2021.04.17"]
[Round "3"]
[White "Sun, Aiden:aiden0613"]
[Black "WEISSMAN, JONAS:nycjjw"]
[Result "1-0"]
[ICCResult "Black resigns"]
[WhiteElo "722"]
[BlackElo "411"]
[Opening "Sicilian defense"]
[ECO "B32"]
[NIC "SI.32"]
[Time "16:31:12"]
[PlyCount "71"]
[TimeControl "3600+10"]

1. e4 c5 2. Nf3 Nc6 3. d4 cxd4 4. Nxd4 Nxd4 5. Qxd4 Nf6 6. Nc3 d6 7. Bc4 e5
8. Qd1 Bg4 9. f3 Be6 10. Bb3 Qb6 11. Qe2 Bxb3 12. axb3 Rd8 13. Be3 Qc7 14.
Qb5+ Nd7 15. Rxa7 Rb8 16. O-O Be7 17. Nd5 Qc6 18. Qxc6 bxc6 19. Nxe7 Kxe7
20. f4 exf4 21. Rxf4 Ra8 22. Rg4 c5 23. Rxa8 Rxa8 24. Rxg7 Ne5 25. Kf2 Kf6
26. Rxh7 Kg6 27. Rh6+ Kg7 28. Rxd6 Ng4+ 29. Kf3 Nxh2+ 30. Kg3 Nf1+ 31. Kf2
Nh2 32. Bf4 Ng4+ 33. Kg3 Nf6 34. Be5 Kg6 35. Rxf6+ Kg5 36. Rxf7 { Black
resigns } 1-0

[Event "ICC tourney 2520 (60 10)"]
[Site "Internet Chess Club"]
[Date "2021.04.17"]
[Round "3"]
[White "SHEININ, MARK:marksheinin"]
[Black "FOFANA, OMAR:HVOumar"]
[Result "1-0"]
[ICCResult "Black checkmated"]
[WhiteElo "748"]
[BlackElo "430"]
[Opening "Giuoco Piano"]
[ECO "C50"]
[NIC "IG.02"]
[Time "16:31:02"]
[PlyCount "45"]
[TimeControl "3600+10"]

1. e4 e5 2. Nf3 Nc6 3. Bc4 Bc5 4. O-O Nf6 5. Nc3 O-O 6. Nd5 Nxd5 7. exd5
Ne7 8. Nxe5 d6 9. Nd3 Bb6 10. Nb4 c6 11. dxc6 bxc6 12. d4 Bf5 13. d5 c5 14.
Nc6 Nxc6 15. dxc6 Be4 16. Re1 Bxc6 17. Qg4 Re8 18. Bh6 g6 19. Rxe8+ Qxe8
20. Qg3 Qe4 21. Bf1 Bc7 22. Qc3 d5 23. Qg7# { Black checkmated } 1-0

[Event "ICC tourney 2520 (60 10)"]
[Site "Internet Chess Club"]
[Date "2021.04.17"]
[Round "3"]
[White "LUCAS, WILLIAM:Williaml"]
[Black "ROOSEN, WILLIAM:Willy013"]
[Result "0-1"]
[ICCResult "White checkmated"]
[WhiteElo "445"]
[BlackElo "782"]
[Opening "Petrov: Cozio (Lasker) attack"]
[ECO "C42"]
[NIC "RG.03"]
[Time "16:31:19"]
[PlyCount "136"]
[TimeControl "3600+10"]

1. e4 e5 2. Nf3 Nf6 3. Nxe5 d6 4. Nf3 Nxe4 5. Qe2 Qe7 6. d3 Nf6 7. Qxe7+
Bxe7 8. Be2 O-O 9. O-O Nc6 10. Bg5 Bg4 11. Bxf6 Bxf6 12. Re1 Bxb2 13. Nbd2
Bxa1 14. Rxa1 Rfe8 15. Bf1 Ne5 16. Nxe5 Rxe5 17. Rb1 Rb8 18. f3 Bd7 19. f4
Ra5 20. Rb2 Be6 21. Nc4 Bxc4 22. dxc4 Rf5 23. g3 d5 24. Rb1 dxc4 25. Bxc4
Rc5 26. Bb3 Re8 27. Kf2 h6 28. c4 g5 29. Rd1 gxf4 30. gxf4 Kg7 31. Kg3 Kg6
32. Rd5 Rxd5 33. cxd5 Kh5 34. h4 Re3+ 35. Kf2 Rh3 36. Kg2 Rxh4 37. Bd1+ Kg6
38. Kg3 Rh1 39. Bf3 Ra1 40. Be4+ Kf6 41. d6 cxd6 42. Bd5 b5 43. Bb3 a5 44.
Kf2 a4 45. Bd5 h5 46. Kg3 Kf5 47. Bxf7 Rg1+ 48. Kf3 h4 49. Be8 h3 50. Bd7+
Kf6 51. Bxh3 Rh1 52. Bd7 Ra1 53. Bxb5 Rxa2 54. Bc4 Rb2 55. Kg4 a3 56. f5 a2
57. Bxa2 Rxa2 58. Kf4 Re2 59. Kf3 Re5 60. Kf2 d5 61. Kf1 d4 62. Kf2 d3 63.
Kg1 d2 64. Kf1 d1=Q+ 65. Kg2 Qg4+ 66. Kf1 Qf3+ 67. Kg1 Re1+ 68. Kh2 Rh1# {
White checkmated } 0-1

[Event "ICC tourney 2520 (60 10)"]
[Site "Internet Chess Club"]
[Date "2021.04.17"]
[Round "3"]
[White "CHAN, IVANA ROSE:ivanachan"]
[Black "Tsuboyama, Devi:Sweetclover14"]
[Result "0-1"]
[ICCResult "White checkmated"]
[WhiteElo "739"]
[BlackElo "515"]
[Opening "QGD: Chigorin defense"]
[ECO "D07"]
[NIC "QP.08"]
[Time "16:31:16"]
[PlyCount "44"]
[TimeControl "3600+10"]

1. d4 d5 2. c4 Nc6 3. Nc3 Nf6 4. cxd5 Nxd5 5. Nxd5 Qxd5 6. Nf3 Bf5 7. Bf4
e6 8. e3 Bb4+ 9. Nd2 O-O 10. Bc4 Qa5 11. e4 Rad8 12. O-O Nxd4 13. Nb3 Nxb3
14. Qxb3 Rd4 15. exf5 Rxf4 16. fxe6 fxe6 17. Bxe6+ Kh8 18. Rad1 Qb6 19.
Rfe1 Qxf2+ 20. Kh1 Qxe1+ 21. Rxe1 Rf1+ 22. Rxf1 Rxf1# { White checkmated }
0-1

[Event "ICC tourney 2520 (60 10)"]
[Site "Internet Chess Club"]
[Date "2021.04.17"]
[Round "3"]
[White "REGELMANN, QUINN:Qregelmann"]
[Black "AGARAM, VAISHNAVI:Vagaram"]
[Result "1-0"]
[ICCResult "Black checkmated"]
[WhiteElo "774"]
[BlackElo "609"]
[Opening "Three knights game"]
[ECO "C46"]
[NIC "KP.06"]
[Time "16:31:17"]
[PlyCount "41"]
[TimeControl "3600+10"]

1. e4 e5 2. Nf3 Nc6 3. Nc3 Bc5 4. Nxe5 Nxe5 5. d4 Bd6 6. dxe5 Bxe5 7. f4
Bxc3+ 8. bxc3 Ne7 9. Qd4 O-O 10. Bb2 d6 11. c4 f6 12. Be2 Be6 13. O-O Qd7
14. f5 Bf7 15. Qe3 Qa4 16. Bd3 d5 17. exd5 g6 18. Qxe7 Qa6 19. c5 Qa5 20.
Qxf6 Qd2 21. Qg7# { Black checkmated } 1-0

[Event "ICC tourney 2520 (60 10)"]
[Site "Internet Chess Club"]
[Date "2021.04.17"]
[Round "3"]
[White "BABENKO, NAOMI:Naomib"]
[Black "CALABIA, CONNOR:Connor4Chess"]
[Result "0-1"]
[ICCResult "White checkmated"]
[WhiteElo "100"]
[BlackElo "496"]
[Opening "King's knight opening"]
[ECO "C40"]
[NIC "KP.10"]
[Time "16:35:54"]
[PlyCount "24"]
[TimeControl "3600+10"]

1. e4 e5 2. Nf3 Bc5 3. Nc3 Qf6 4. Bc4 d6 5. O-O Nh6 6. Nb5 Qg6 7. Nxc7+ Kd8
8. Nxa8 Bh3 9. Ne1 Ng4 10. a3 Qh5 11. b4 Bxg2 12. Nxg2 Qxh2# { White
checkmated } 0-1

[Event "ICC tourney 2520 (60 10)"]
[Site "Internet Chess Club"]
[Date "2021.04.17"]
[Round "3"]
[White "Tsay, Benjamin:tkdmaster725"]
[Black "FOFANA, MARYAM:RPIMaryam"]
[Result "1-0"]
[ICCResult "Black checkmated"]
[WhiteElo "496"]
[BlackElo "100"]
[Opening "Four knights: Spanish, classical defense"]
[ECO "C46"]
[NIC "KP.06"]
[Time "16:31:46"]
[PlyCount "63"]
[TimeControl "3600+10"]

1. e4 e5 2. Nf3 Nc6 3. Nc3 Bc5 4. Bb5 Nf6 5. Bxc6 bxc6 6. Nxe5 O-O 7. O-O
d6 8. Nf3 Bg4 9. d3 a5 10. Bg5 h6 11. Bh4 g5 12. Bg3 h5 13. e5 dxe5 14.
Bxe5 Ra6 15. Qd2 Rb6 16. Qxg5+ Kh7 17. Bxf6 Rg8 18. Qe5 Qe8 19. Qxc5 Rb7
20. Qxa5 Qa8 21. Qc5 Bd7 22. Qe7 Rg7 23. Bxg7 Kxg7 24. Qg5+ Kf8 25. Qxh5
Qc8 26. Qh8+ Ke7 27. Qe5+ Kd8 28. Rfe1 Bg4 29. h3 Bxf3 30. gxf3 Qd7 31.
Qh8+ Qe8 32. Qxe8# { Black checkmated } 1-0

[Event "ICC tourney 2520 (60 10)"]
[Site "Internet Chess Club"]
[Date "2021.04.17"]
[Round "3"]
[White "BELYAKOV, KSENIA:SAKseniaB"]
[Black "STRAND, MAXIMILIAN:maxstrand11"]
[Result "1-0"]
[ICCResult "Black checkmated"]
[WhiteElo "115"]
[BlackElo "322"]
[Opening "Réti opening"]
[ECO "A04"]
[NIC "QP.11"]
[Time "16:31:47"]
[PlyCount "59"]
[TimeControl "3600+10"]

1. Nf3 Nc6 2. g3 d5 3. Bg2 b6 4. O-O Bb7 5. Nc3 Nf6 6. Ng5 h6 7. Nh3 e5 8.
e4 dxe4 9. Qe2 Nd4 10. Qe3 Nxc2 11. Qe2 Nxa1 12. Qb5+ Nd7 13. Bxe4 c6 14.
Qe2 Qb8 15. f4 exf4 16. Bd3+ Be7 17. Nxf4 Qd8 18. b3 b5 19. Bb2 Qb6+ 20.
Kh1 c5+ 21. Ng2 c4 22. Bf5 Nf6 23. Bxa1 O-O 24. Nd5 Ba6 25. Nxb6 axb6 26.
Qxe7 b4 27. Bxf6 gxf6 28. Qxf6 c3 29. Qxh6 Bxf1 30. Qh7# { Black checkmated
} 1-0

[Event "ICC tourney 2520 (60 10)"]
[Site "Internet Chess Club"]
[Date "2021.04.17"]
[Round "3"]
[White "ALAGAPPAN, MUTHU KUMARAN:MKAL2012"]
[Black "SHAH, ANAND GAUTAM:AnandShah"]
[Result "1-0"]
[ICCResult "Black checkmated"]
[WhiteElo "791"]
[BlackElo "100"]
[Opening "Réti: King's Indian attack (Barcza system)"]
[ECO "A07"]
[NIC "VO.09"]
[Time "16:31:45"]
[PlyCount "29"]
[TimeControl "3600+10"]

1. g3 d5 2. Nf3 e6 3. d3 Bd7 4. Bg2 Be7 5. Nbd2 c6 6. e4 Na6 7. O-O Nf6 8.
b3 Rc8 9. Bb2 Rg8 10. exd5 Rf8 11. dxc6 Rxc6 12. Nd4 Rd6 13. N2f3 e5 14.
Nf5 g6 15. Ng7# { Black checkmated } 1-0

[Event "ICC tourney 2520 (60 10)"]
[Site "Internet Chess Club"]
[Date "2021.04.17"]
[Round "3"]
[White "TARDIEU, NICOLAS:ToughWinner"]
[Black "AHARONIAN, ANDRE:Andre2011"]
[Result "0-1"]
[ICCResult "White resigns"]
[WhiteElo "568"]
[BlackElo "716"]
[Opening "Ruy Lopez: old Steinitz defense"]
[ECO "C62"]
[NIC "RL.02"]
[Time "16:30:56"]
[PlyCount "122"]
[TimeControl "3600+10"]

1. e4 e5 2. Nf3 Nc6 3. Bb5 d6 4. Nc3 Nf6 5. d3 Bg4 6. h3 Bxf3 7. Qxf3 Be7
8. Bg5 a6 9. Bxc6+ bxc6 10. O-O Qb8 11. b3 Qb4 12. Ne2 Qb8 13. Rfd1 Qc8 14.
d4 O-O 15. dxe5 dxe5 16. Qg3 Nxe4 17. Qf3 Nxg5 18. Qxc6 Rd8 19. Re1 h6 20.
Ng3 Qd7 21. Qxd7 Rxd7 22. Rxe5 Bf6 23. Ree1 Bxa1 24. Rxa1 Rad8 25. Kh2 Rd1
26. Rxd1 Rxd1 27. Nf5 Rd2 28. Ne7+ Kf8 29. Nc6 Rxf2 30. Nb4 Nf3+ 31. Kg3
Re2 32. Kxf3 Re6 33. c4 a5 34. Nd5 c6 35. Nc7 Rf6+ 36. Ke2 g5 37. Na6 h5
38. Nc5 Rd6 39. Ne4 Re6 40. Kf3 g4+ 41. hxg4 hxg4+ 42. Kxg4 Rxe4+ 43. Kf3
Rd4 44. Ke3 Rg4 45. Kf3 Rd4 46. Ke3 Rd1 47. Ke2 Ra1 48. a4 Rb1 49. Kd3
Rxb3+ 50. Kc2 Rb4 51. Kc3 Rxa4 52. Kb3 Rb4+ 53. Kc3 Rb1 54. Kc2 Rg1 55. Kb3
Rxg2 56. Ka4 f5 57. Kxa5 f4 58. Kb6 Rg6 59. Kc5 f3 60. Kd4 f2 61. Ke3 f1=Q
{ White resigns } 0-1

[Event "ICC tourney 2520 (60 10)"]
[Site "Internet Chess Club"]
[Date "2021.04.17"]
[Round "3"]
[White "SANCHEZ, JARIEL:ColumbiaJariel"]
[Black "WANG, WYTHE:megaespeon"]
[Result "0-1"]
[ICCResult "White resigns"]
[WhiteElo "305"]
[BlackElo "578"]
[Opening "Caro-Kann: Hillbilly attack"]
[ECO "B10"]
[NIC "CK.01"]
[Time "16:31:15"]
[PlyCount "82"]
[TimeControl "3600+10"]

1. e4 c6 2. Bc4 d5 3. exd5 cxd5 4. Bb5+ Nc6 5. Nc3 e5 6. Nf3 Bg4 7. d3 Nf6
8. Bxc6+ bxc6 9. Be3 e4 10. dxe4 dxe4 11. Qxd8+ Rxd8 12. O-O exf3 13. gxf3
Bxf3 14. Rfe1 Be7 15. Bxa7 Rd7 16. Re3 Bd5 17. Nxd5 Nxd5 18. Re2 Rxa7 19.
Rae1 O-O 20. c4 Re8 21. Re5 Nf6 22. R5e3 Ng4 23. Re4 Nf6 24. Re5 Raa8 25.
b4 Bxb4 26. Rxe8+ Rxe8 27. Rxe8+ Nxe8 28. a4 f5 29. f4 h6 30. h4 Nf6 31. c5
Bxc5+ 32. Kf1 Bb4 33. Kf2 Kf8 34. Ke3 Ke7 35. Kd4 Kd6 36. Kc4 c5 37. h5
Nxh5 38. Kb5 Nxf4 39. Kc4 h5 40. Kb5 h4 41. a5 Bxa5 { White resigns } 0-1

[Event "ICC tourney 2520 (60 10)"]
[Site "Internet Chess Club"]
[Date "2021.04.17"]
[Round "3"]
[White "OWUSU-BOAKYE, NANA:NanaKwame102012"]
[Black "LIANG, KEVIN:Kingkevin13"]
[Result "1-0"]
[ICCResult "Black checkmated"]
[WhiteElo "532"]
[BlackElo "105"]
[Opening "Giuoco Piano"]
[ECO "C50"]
[NIC "IG.02"]
[Time "16:30:59"]
[PlyCount "95"]
[TimeControl "3600+10"]

1. e4 e5 2. Nf3 Nc6 3. Bc4 Bc5 4. O-O d6 5. h3 a6 6. a4 Nf6 7. Ng5 O-O 8.
Nc3 h6 9. Nf3 Re8 10. Nd5 Nd4 11. Nxf6+ Qxf6 12. Nxd4 exd4 13. d3 Be6 14.
Bxe6 Rxe6 15. Bd2 Qe5 16. b4 Ba7 17. Qf3 c6 18. Bf4 Qf6 19. h4 Qxh4 20.
Rfc1 Rf6 21. g3 Qg5 22. Qg2 Qg6 23. Rcb1 Bb8 24. b5 d5 25. bxc6 Rxc6 26.
exd5 Rf6 27. Bxb8 Rxb8 28. Rb4 Rd6 29. Rxd4 Qf6 30. c3 Rdd8 31. Rc1 b5 32.
Rf4 Qd6 33. axb5 axb5 34. Rd4 b4 35. cxb4 Rxb4 36. Rcc4 Rxc4 37. dxc4 Qa3
38. Rd2 Qc3 39. f3 Qxc4 40. f4 Kf8 41. Qf3 Qc1+ 42. Rd1 Qc5+ 43. Kg2 Ke7
44. Qe4+ Kf8 45. Qh7 Rxd5 46. Re1 f6 47. Qh8+ Kf7 48. Qe8# { Black
checkmated } 1-0

[Event "ICC tourney 2520 (60 10)"]
[Site "Internet Chess Club"]
[Date "2021.04.17"]
[Round "3"]
[White "LAM, MILES:LionsMilesL"]
[Black "PRAHLAD, ATMAN DEV:AtmanDev"]
[Result "0-1"]
[ICCResult "White checkmated"]
[WhiteElo "557"]
[BlackElo "699"]
[Opening "QGD Slav: 4.Nc3"]
[ECO "D15"]
[NIC "SL.03"]
[Time "16:31:45"]
[PlyCount "80"]
[TimeControl "3600+10"]

1. d4 d5 2. c4 c6 3. Nc3 Nf6 4. Nf3 Bf5 5. Bf4 Nbd7 6. e3 e6 7. Be2 dxc4 8.
Bxc4 c5 9. Bg5 cxd4 10. exd4 Bd6 11. Nb5 Bb4+ 12. Nd2 O-O 13. a3 Bxd2+ 14.
Bxd2 Qe7 15. Bb4 Qd8 16. Bxf8 Nxf8 17. O-O a6 18. Nc3 Qc7 19. Bd3 Ng4 20.
f4 Ne3 21. Qe2 Nxf1 22. Rxf1 Bxd3 23. Qxd3 Ng6 24. f5 exf5 25. Nd5 Qd6 26.
Qxf5 Rf8 27. Nc3 Qxd4+ 28. Kh1 Qe5 29. Qd7 b5 30. Qa7 b4 31. axb4 Nf4 32.
Qxa6 Nd3 33. b5 Qc5 34. Ne4 Qd4 35. Ng3 Nf2+ 36. Rxf2 Qxf2 37. h3 Qxg3 38.
b6 Re8 39. b7 Re1+ 40. Qf1 Rxf1# { White checkmated } 0-1

[Event "ICC tourney 2520 (60 10)"]
[Site "Internet Chess Club"]
[Date "2021.04.17"]
[Round "3"]
[White "VASHISHT, ANEESH:aneeshgm2013"]
[Black "WARREN, MICHAEL C:c30mw"]
[Result "1-0"]
[ICCResult "Black checkmated"]
[WhiteElo "698"]
[BlackElo "264"]
[Opening "Konstantinopolsky opening"]
[ECO "C44"]
[NIC "KP.10"]
[Time "16:31:32"]
[PlyCount "47"]
[TimeControl "3600+10"]

1. e4 e5 2. Nf3 Nc6 3. g3 Nf6 4. Nc3 Bc5 5. h3 d6 6. Bg2 Be6 7. O-O Qd7 8.
g4 g5 9. Nxg5 Bc4 10. d3 Ba6 11. Be3 Bxe3 12. fxe3 O-O-O 13. Rxf6 h6 14.
Nxf7 Rhf8 15. Qf1 Rde8 16. Nxh6 Rxf6 17. Qxf6 Nb4 18. a3 Nxc2 19. Rc1 Nxe3
20. b4 Nxg2 21. Kxg2 Bxd3 22. Qf2 Rh8 23. Qxa7 Rxh6 24. Qa8# { Black
checkmated } 1-0

[Event "ICC tourney 2520 (60 10)"]
[Site "Internet Chess Club"]
[Date "2021.04.17"]
[Round "3"]
[White "KLIPER, ARIEL:ArKliper"]
[Black "YARYSHKIN, BRUCE:donutbruce"]
[Result "0-1"]
[ICCResult "White checkmated"]
[WhiteElo "606"]
[BlackElo "355"]
[Opening "Four knights: Italian variation"]
[ECO "C47"]
[NIC "KP.06"]
[Time "16:35:54"]
[PlyCount "76"]
[TimeControl "3600+10"]

1. e4 e5 2. Nf3 Nc6 3. Nc3 Nf6 4. Bc4 h6 5. d3 Bc5 6. O-O d6 7. Re1 Ng4 8.
Rf1 Nf6 9. Nd5 Bg4 10. h3 Bxf3 11. Qxf3 Nd4 12. Qd1 Nxd5 13. exd5 Qh4 14.
g3 Qxh3 15. Re1 Nxc2 16. Qxc2 Qxg3+ 17. Kf1 Qh3+ 18. Ke2 O-O-O 19. Be3 Bxe3
20. fxe3 f5 21. Rh1 Qg4+ 22. Kd2 f4 23. exf4 Qxf4+ 24. Kc3 Qd4+ 25. Kb4 c5+
26. dxc6 bxc6 27. Kb3 Kd7 28. Qc3 Rb8+ 29. Kc2 Qe3 30. Rhe1 Qf2+ 31. Kd1
Rxb2 32. Re2 Qxe2+ 33. Kc1 Rf8 34. Be6+ Kxe6 35. Qc4+ Kd7 36. Qg4+ Kc7 37.
Qxe2 Rxe2 38. Rb1 Rf1# { White checkmated } 0-1

[Event "ICC tourney 2520 (60 10)"]
[Site "Internet Chess Club"]
[Date "2021.04.17"]
[Round "3"]
[White "HARTSEL, AUGUST:augustha"]
[Black "SHRESTHA, AYAN:knight-vision"]
[Result "1-0"]
[ICCResult "Black checkmated"]
[WhiteElo "670"]
[BlackElo "283"]
[Opening "English opening"]
[ECO "A21"]
[NIC "EO.23"]
[Time "16:31:07"]
[PlyCount "105"]
[TimeControl "3600+10"]

1. c4 e5 2. Nc3 Bc5 3. g3 Qf6 4. e3 Nh6 5. Bg2 d6 6. Nf3 O-O 7. O-O Bf5 8.
d4 exd4 9. exd4 Bb6 10. Bxh6 Qxh6 11. Qc1 Qf6 12. Qf4 Qe6 13. Rfe1 Qd7 14.
Nh4 g5 15. Qxf5 gxh4 16. Qg5+ Kh8 17. Bxb7 Rg8 18. Qxh4 Rg4 19. Qf6+ Kg8
20. Bxa8 Bxd4 21. Qe7 Qf5 22. Qe8+ Kg7 23. Rf1 Rg5 24. Qxb8 Rh5 25. Qb7 Qh3
26. Qg2 Qg4 27. Bf3 Qg5 28. Bxh5 Qxh5 29. Qe4 Bc5 30. Rad1 f5 31. Qe7+ Kh6
32. Qf6+ Qg6 33. Qxg6+ hxg6 34. Nd5 c6 35. Ne7 Ba3 36. bxa3 c5 37. Rxd6 Kg7
38. Rxg6+ Kf7 39. Ra6 Kxe7 40. Rxa7+ Kd6 41. Rd1+ Ke5 42. Re7+ Kf6 43. Rdd7
Kg5 44. h4+ Kf6 45. Rf7+ Ke5 46. h5 Ke4 47. h6 Kf3 48. h7 Ke4 49. h8=Q Kf3
50. Rxf5+ Kg4 51. Qf6 Kh3 52. Rh7+ Kg4 53. Qg5# { Black checkmated } 1-0

[Event "ICC tourney 2520 (60 10)"]
[Site "Internet Chess Club"]
[Date "2021.04.17"]
[Round "3"]
[White "Feldman, Julian:DaltonTiger"]
[Black "AU, JINXIAN DENNIS:Brawlstars"]
[Result "0-1"]
[ICCResult "White checkmated"]
[WhiteElo "246"]
[BlackElo "504"]
[Opening "Three knights game"]
[ECO "C46"]
[NIC "KP.06"]
[Time "16:30:59"]
[PlyCount "80"]
[TimeControl "3600+10"]

1. e4 e5 2. Nf3 Nc6 3. Nc3 Bc5 4. Nxe5 Nxe5 5. d4 Bxd4 6. Qxd4 d6 7. Bf4 c5
8. Qa4+ Bd7 9. Bb5 Nf6 10. O-O-O Qc7 11. Bxe5 Bxb5 12. Nxb5 Qc6 13. Rxd6
Qxe4 14. Nc7+ Kf8 15. Nxa8 Qxa4 16. Nc7 Ke7 17. Rhd1 Rg8 18. Bxf6+ gxf6 19.
Nd5+ Kxd6 20. Nc3+ Qd4 21. Nb5+ Kd5 22. c4+ Kxc4 23. Nxd4 cxd4 24. b3+ Kc5
25. g3 Re8 26. b4+ Kc4 27. Rd2 Re1+ 28. Kb2 Re4 29. a3 d3 30. b5 Rd4 31. a4
b6 32. Ka3 Kc3 33. Rb2 d2 34. Rb3+ Kc2 35. Rb2+ Kc1 36. Ka2 d1=Q 37. Rb1+
Kc2 38. Rb2+ Kc3 39. Rb3+ Qxb3+ 40. Ka1 Qb2# { White checkmated } 0-1

[Event "ICC tourney 2520 (60 10)"]
[Site "Internet Chess Club"]
[Date "2021.04.17"]
[Round "3"]
[White "RICAUD, LYNN:lricaud"]
[Black "SONG, OLIVIA:dratini11"]
[Result "1-0"]
[ICCResult "Black checkmated"]
[WhiteElo "551"]
[BlackElo "319"]
[Opening "Four knights: double Ruy Lopez"]
[ECO "C49"]
[NIC "KP.03"]
[Time "16:31:12"]
[PlyCount "109"]
[TimeControl "3600+10"]

1. e4 e5 2. Nf3 Nc6 3. Nc3 Nf6 4. Bb5 Bb4 5. O-O O-O 6. d3 a6 7. Ba4 h6 8.
Bxc6 bxc6 9. Nxe5 d6 10. Nxc6 Qd7 11. Nxb4 c6 12. Bf4 d5 13. e5 Ng4 14. Qf3
Nxh2 15. Bxh2 d4 16. Ne4 c5 17. Nxc5 Qc7 18. Qxa8 Bb7 19. Qxb7 Qxb7 20.
Nxb7 Rb8 21. Nc6 Rxb7 22. Nxd4 Ra7 23. Nc6 Rc7 24. Nd4 Ra7 25. Rfe1 a5 26.
e6 fxe6 27. Rxe6 a4 28. Re8+ Kf7 29. Re6 a3 30. bxa3 Ra8 31. Rc6 Rg8 32.
Rc7+ Ke8 33. Rc8+ Kf7 34. Rc7+ Ke8 35. Nf5 g5 36. Nd6+ Kd8 37. Ra7 g4 38.
Ra8+ Kd7 39. Rxg8 h5 40. Rg7+ Ke6 41. Rg5 Kf6 42. Rf5+ Ke6 43. Re1+ Kd7 44.
Rg5 g3 45. Bxg3 h4 46. Bf4 h3 47. gxh3 Kc6 48. Nc4 Kd7 49. Ree5 Kc6 50.
Rg6+ Kc7 51. Re7+ Kd8 52. Rf7 Ke8 53. Rh7 Kf8 54. Bd6+ Ke8 55. Rg8# { Black
checkmated } 1-0

[Event "ICC tourney 2520 (60 10)"]
[Site "Internet Chess Club"]
[Date "2021.04.17"]
[Round "3"]
[White "MAVROUDIS, ANTHONY JOHN:bananaplaychess"]
[Black "RIM, ARIANNA NAHRIM:Arianna0527"]
[Result "1-0"]
[ICCResult "Black checkmated"]
[WhiteElo "615"]
[BlackElo "359"]
[Opening "Queen's gambit accepted"]
[ECO "D26"]
[NIC "QG.03"]
[Time "16:30:57"]
[PlyCount "121"]
[TimeControl "3600+10"]

1. d4 d5 2. c4 dxc4 3. e3 Nf6 4. Bxc4 e6 5. Nf3 Bb4+ 6. Bd2 Bd6 7. O-O O-O
8. Nc3 Nc6 9. e4 e5 10. dxe5 Bxe5 11. Nxe5 Nxe5 12. Bb3 Nfg4 13. h3 Nf6 14.
Bf4 Ng6 15. Bg3 Qe8 16. Re1 Qd8 17. e5 Nh5 18. Qxh5 Ne7 19. Bc2 h6 20. Bh4
Qd2 21. Bxe7 Re8 22. Bh4 Qxc2 23. Qe2 Qf5 24. Bg3 b6 25. Qf3 Rb8 26. Qxf5
Bxf5 27. Nd5 Red8 28. Nxc7 Rbc8 29. Nb5 a5 30. Nd6 Rc6 31. Rac1 Bd7 32.
Rxc6 Bxc6 33. Rc1 Bb7 34. Nxb7 Rb8 35. Nd6 b5 36. Rc8+ Rxc8 37. Nxc8 Kf8
38. f3 Ke8 39. Na7 Kd7 40. Nxb5 Kc6 41. Nc3 Kc5 42. Kf2 Kd4 43. Ke2 Kc4 44.
Ke3 Kb4 45. Kd4 a4 46. Kd5 a3 47. bxa3+ Kxa3 48. Kd6 Kb2 49. Ke7 Kxc3 50.
Kxf7 g5 51. e6 Kd4 52. e7 Kd5 53. e8=Q Kc5 54. Qd7 Kb6 55. Qd5 Ka6 56. Bh4
Ka7 57. Qb5 Ka8 58. Ke7 Ka7 59. Kd7 h5 60. Kc7 gxh4 61. Qb7# { Black
checkmated } 1-0

[Event "ICC tourney 2520 (60 10)"]
[Site "Internet Chess Club"]
[Date "2021.04.17"]
[Round "3"]
[White "BROOKS, CARLIN:CarlinBps130"]
[Black "Zinder, Eyden:EydenZ"]
[Result "1-0"]
[ICCResult "Black checkmated"]
[WhiteElo "565"]
[BlackElo "647"]
[Opening "Giuoco Piano"]
[ECO "C50"]
[NIC "IG.02"]
[Time "16:31:45"]
[PlyCount "63"]
[TimeControl "3600+10"]

1. e4 e5 2. Nf3 Nc6 3. Bc4 Bc5 4. O-O Nf6 5. Ng5 O-O 6. d3 d6 7. Nc3 Bg4 8.
Qe1 Nd4 9. Be3 Nxc2 10. Qd2 Nxa1 11. Rxa1 Bxe3 12. Qxe3 h6 13. Nf3 c6 14.
h3 Bxf3 15. Qxf3 b5 16. Bb3 b4 17. Na4 c5 18. Qe3 d5 19. Nxc5 dxe4 20. dxe4
Rc8 21. Nb7 Qd4 22. Qe2 Nxe4 23. Rd1 Qb6 24. Rd7 Rc1+ 25. Kh2 Nf6 26. Qd3
Nxd7 27. Qxd7 Rc7 28. Qd5 Rxb7 29. Qe4 Re8 30. Bc2 Rbe7 31. Qh7+ Kf8 32.
Qh8# { Black checkmated } 1-0